AoeStats
← Comend x comend

Black Forest

506559443Analyzed
4v4 RM · 18d ago on Sep 14, 2026· 48m 25s· 8 players
Game mode
Random Map
Map size
Large (8 player)
Population
200
Speed
Normal
Resources
Standard
Victory
Conquest
Starting age
Dark Age
Ending age
Imperial Age
RankedLock teamsTeams togetherTeam positionsShared explorationLock speedFull tech treeHidden civsTurbo modeCheats
Victory
Defeat
🇦🇷 Khitans · Argentina
1559
+8
🇦🇷 Ethiopians · Argentina
1368
+15
🇨🇱 Cumans · Chile
1322
+17
🇵🇪 Sicilians · Peru
1306
+19
🇨🇦 Gurjaras · Canada
1386
-16
🇩🇪 Magyars · Germany
1371
-15
🇺🇸 Mongols · United States
1364
-15
🇵🇪 Poles · Peru
1310
-13
_______
0:48 Loom
11:48 Feudal Age
15:33 Castle Age
14:08 Double-Bit Axe
14:59 Fletching
16:08 Bodkin Arrow
29:13 Horse Collar
32:32 Wheelbarrow
32:40 Gold Mining
33:26 Ballistics
40:15 Imperial Age
37:43 Stone Mining
38:26 Bow Saw
38:24 Padded Archer Armor
40:06 Thumb Ring
41:05 Gold Shaft Mining
41:12 Heavy Cavalry Archer
42:19 Parthian Tactics
41:59 Recurve Bow
43:01 Chemistry
42:18 Leather Archer Armor
42:37 Bracer
42:48 Husbandry
43:07 Bloodlines
44:18 Caravan
45:30 Conscription
46:31 Ring Archer Armor
ForseenCow
6:51 Loom
11:22 Feudal Age
12:26 Double-Bit Axe
12:48 Horse Collar
15:35 Castle Age
19:51 Bow Saw
25:04 Gold Mining
26:34 Wheelbarrow
26:19 Town Watch
30:23 Imperial Age
28:19 Fletching
28:38 Thumb Ring
28:50 Bloodlines
29:38 Bodkin Arrow
31:02 Padded Archer Armor
31:14 Bracer
31:39 Ballistics
32:38 Leather Archer Armor
34:01 Conscription
33:55 Heavy Plow
34:51 Elite Mangudai
46:16 Gold Shaft Mining
46:36 Drill
47:50 Hand Cart
47:36 Town Patrol
Comend x comend
0:49 Loom
1:34 Loom
4:50 Loom
11:14 Loom
13:19 Feudal Age
18:03 Castle Age
16:16 Double-Bit Axe
17:01 Horse Collar
20:07 Bow Saw
19:52 Stone Mining
25:56 Heavy Plow
30:24 Imperial Age
28:58 Wheelbarrow
31:28 Forging
31:19 Scale Mail Armor
31:26 Scale Barding Armor
31:39 Hand Cart
31:09 Town Watch
31:52 Szlachta Privileges
32:51 Szlachta Privileges
32:55 Husbandry
33:19 Bloodlines
33:16 Cavalier
35:26 Conscription
38:58 Iron Casting
38:43 Chain Barding Armor
39:08 Chain Barding Armor
43:43 Light Cavalry
46:00 Crop Rotation
45:49 Winged Hussar
剧终
11:36 Feudal Age
12:27 Double-Bit Axe
12:44 Horse Collar
15:13 Castle Age
16:32 Bow Saw
16:25 Heavy Plow
19:42 Loom
20:32 Wheelbarrow
27:00 Gold Mining
27:01 Stone Mining
29:10 Hand Cart
31:35 Imperial Age
30:25 Scale Barding Armor
30:31 Forging
30:22 Husbandry
30:42 Bloodlines
31:47 Kshatriyas
32:15 Elite Shrivamsha Rider
35:01 Conscription
35:54 Chemistry
35:57 Chain Barding Armor
40:23 Fletching
41:12 Plate Barding Armor
41:33 Coinage
41:37 Light Cavalry
42:53 Iron Casting
43:43 Frontier Guards
44:02 Hussar
47:36 Caravan
|MP| STN
8:01 Loom
11:28 Feudal Age
16:01 Castle Age
14:53 Double-Bit Axe
17:23 Horse Collar
18:14 Bow Saw
24:06 Wheelbarrow
25:45 Gold Mining
26:43 Stone Mining
27:10 Scale Mail Armor
27:20 Forging
29:48 Imperial Age
28:34 Chain Mail Armor
28:25 Heavy Plow
29:30 Iron Casting
29:33 Stone Shaft Mining
29:16 Fletching
30:19 Hand Cart
30:40 Pikeman
31:40 Squires
31:27 Gambesons
31:28 Arson
32:20 Plate Mail Armor
32:51 Blast Furnace
32:06 Town Watch
33:08 Conscription
32:14 Halberdier
33:57 Gold Shaft Mining
39:50 Elite Serjeant
40:28 Bodkin Arrow
41:31 Bracer
47:52 First Crusade
|MP| layc0ni
10:06 Feudal Age
13:40 Castle Age
11:29 Double-Bit Axe
11:57 Horse Collar
27:49 Wheelbarrow
30:39 Imperial Age
29:27 Bow Saw
29:47 Loom
30:18 Hand Cart
30:25 Stone Mining
32:25 Chemistry
32:49 Fortified Wall
32:28 Halberdier
33:08 Squires
33:57 Conscription
35:32 Scale Mail Armor
35:42 Forging
37:35 Chain Mail Armor
37:56 Iron Casting
37:29 Royal Heirs
38:46 Torsion Engines
41:01 Siege Engineers
42:54 Coinage
42:27 Caravan
44:53 Plate Mail Armor
45:24 Blast Furnace
45:18 Masonry
46:10 Blast Furnace
45:30 Onager
48:02 Siege Onager
Dr4con
0:43 Loom
11:22 Feudal Age
15:30 Double-Bit Axe
15:28 Horse Collar
22:38 Castle Age
20:38 Fletching
26:58 Bow Saw
26:52 Heavy Plow
27:29 Gold Mining
27:31 Stone Mining
31:34 Imperial Age
30:31 Bodkin Arrow
33:30 Padded Archer Armor
33:53 Ballistics
34:33 Chemistry
34:46 Elite Kipchak
36:13 Leather Archer Armor
36:48 Wheelbarrow
36:45 Crop Rotation
37:40 Conscription
38:25 Hand Cart
38:03 Onager
38:08 Capped Ram
39:43 Siege Ram
41:48 Bloodlines
41:01 Light Cavalry
42:52 Hussar
44:09 Cuman Mercenaries
44:55 Ring Archer Armor
44:29 Town Watch
46:00 Steppe Husbandry
46:17 Scale Barding Armor
46:22 Forging
49:06 Two-Man Saw
|MP| patrick
0:44 Loom
10:48 Feudal Age
11:35 Double-Bit Axe
16:28 Fletching
19:24 Scale Barding Armor
20:15 Forging
23:13 Gold Mining
25:29 Castle Age
23:17 Domestication
25:26 Padded Archer Armor
26:08 Bodkin Arrow
26:31 Bow Saw
25:48 Heavy Cavalry Archer
31:04 Wheelbarrow
35:04 Imperial Age
32:50 Thumb Ring
34:15 Ballistics
36:12 Parthian Tactics
35:51 Bracer
36:38 Husbandry
35:59 Light Cavalry
37:46 Chemistry
37:39 Parthian Tactics
37:40 Chain Barding Armor
41:10 Plate Barding Armor
47:49 Leather Archer Armor
49:15 Ring Archer Armor
Connection lost

Rejoining the realm…

Still unreachable

The connection could not be restored.

Session expired

The server has moved on; the page needs a fresh start.